Map: Abyssal Reef LE

Players

LiquidTLO (TLO) - Winner!

  • Race: Zerg Zerg
  • Spawn Location: 5:00

SolO

  • Race: Zerg Zerg
  • Spawn Location: 11:00

Event: WCS Jonkoping 2017

VOD

Have the link to the VOD?

Description

Time

  • Played on: June 17, 2017, 7:02 a.m.
  • Length: 4:49

All games in this series

Show
View Real Time Build Order
Export as new Build Order

LiquidTLO Zerg - Winner!

Build Orders: Hatch First 

Get SALT Encoding   

  12  0:00  Drone  
  13  0:13  Overlord  
  13  0:17  Drone  
  14  0:31  Drone x2  
  16  0:49  Hatchery  
  15  0:52  Drone  
  15  0:56  Drone  
  17  1:10  Spawning Pool  
  16  1:13  Drone  
  16  1:17  Drone  
  18  1:20  Drone  
  19  1:28  Extractor, Drone  
  19  1:40  Overlord  
  19  1:57  Queen  
  19  1:59  Zergling x2  
  19  2:00  Spine Crawler  
  21  2:01  Zergling x4  
  21  2:05  Queen  
  25  2:14  Zergling x2  
  26  2:16  Zergling x2  
  26  2:22  Zergling x4  
  29  2:32  Zergling x2  
  29  2:39  Zergling x2  
  29  2:43  Zergling x2  
  31  2:45  Zergling x2  
  30  2:56  Queen  
  27  3:05  Queen  
  29  3:16  Zergling x2  
  29  3:17  Baneling Nest  
  29  3:23  Zergling x2  
  31  3:27  Drone  
  31  3:37  Overlord  
  26  3:53  Zergling x2  
  27  4:00  Zergling x2  
  27  4:01  Baneling  
  27  4:02  Zergling x4, Baneling  
  29  4:03  Baneling  
  29  4:05  Zergling x2  
  29  4:07  Zergling x2  
  29  4:09  Zergling x2  
  32  4:12  Baneling x2  
  32  4:17  Zergling x2  
  32  4:19  Baneling  
Show
View Real Time Build Order
Export as new Build Order

SolO Zerg 

Build Orders: Pool Only, Zergling Baneling 

Get SALT Encoding   

  12  0:00  Drone  
  13  0:14  Extractor  
  12  0:24  Spawning Pool  
  12  0:27  Drone  
  12  0:32  Drone  
  13  0:37  Drone  
  14  0:49  Overlord  
  14  1:10  Zergling x2  
  14  1:11  Zergling x4  
  17  1:14  Metabolic Boost  
  17  1:25  Queen  
  17  1:30  Zergling x2  
  20  1:34  Zergling x2  
  21  1:44  Baneling Nest  
  20  1:47  Zergling x2  
  21  1:57  Overlord  
  21  2:05  Zergling x2  
  22  2:21  Zergling x2  
  23  2:27  Baneling x2  
  23  2:31  Zergling x2  
  23  2:39  Zergling x4  
  23  2:57  Zergling x6  
  22  3:00  Baneling  
  22  3:02  Baneling x2  
  22  3:09  Zergling x2  
  23  3:15  Zergling x6  
  25  3:20  Baneling  
  25  3:24  Zergling x2  
  25  3:46  Zergling x8  
  24  3:49  Baneling  
  24  3:50  Baneling x2  
  24  3:55  Zergling x2  
  25  4:01  Baneling  
  25  4:02  Baneling  
  25  4:04  Zergling x2  
  26  4:15  Zergling x2  
  26  4:16  Zergling x2  
  26  4:17  Zergling x4  
Tags
 
Add a new tag
Caveats
  • Supply blocks, unpowered buildings, or Contaminate may cause inaccurate times.
  • Supply counts are checked every 10 seconds.